 Dungeon Crawl Stone Soup version 0.30.1-9-gdf580d7c3d (webtiles) character file.

Game seed: 12229190447555199552

133 Psyclone the Conjurer (level 4, 24/24 HPs)
             Began as a Deep Elf Conjurer on Sept 28, 2023.
             Quit the game on level 2 of the Dungeon.
             The game lasted 00:03:27 (2039 turns).

Psyclone the Conjurer (Deep Elf Conjurer)           Turns: 2039, Time: 00:03:28

Health: 24/24      AC:  3    Str:  4    XL:     4   Next: 93%
Magic:  13/13      EV: 12    Int: 25    God:
Gold:   84         SH:  0    Dex: 13    Spells: 10/13 levels left

rFire   . . .        (no weapon)
rCold   . . .        (no shield)
rNeg    . . .        a - +0 robe
rPois   .            e - +0 helmet
rElec   .            (no cloak)
rCorr   .            (no gloves)
SInv    .            (no boots)
Will    .....        (no amulet)
Stlth   +            (no ring)
HPRegen 0.24/turn    (no ring)
MPRegen 0.13/turn

%: no passive effects
@: confused, brilliant, ambrosia-drunk
A: no striking features
a: no special abilities


You were on level 2 of the Dungeon.
You visited 1 branch of the dungeon, and saw 2 of its levels.

You collected 84 gold pieces.

Inventory:

Missiles
 j - 2 throwing nets {!f}
Armour
 a - a +0 robe (worn)
 e - a +0 helmet (worn)
Scrolls
 c - a scroll of fear
 d - a scroll of enchant weapon
 f - 3 scrolls of identify {@r1}
Potions
 b - a potion of magic
 h - a potion of ambrosia


   Skills:
 - Level 2.4 Dodging
 - Level 2.4 Stealth
 + Level 5.3 Spellcasting
 + Level 5.8 Conjurations


You had 10 spell levels left.
You knew the following spells:

 Your Spells              Type           Power      Damage    Failure   Level
a - Magic Dart            Conj           100%       1d8       1%          1
b - Searing Ray           Conj           100%       2d8       1%          2

Your spell library contained the following spells:

 Spells                   Type           Power      Damage    Failure   Level
 Dazzling Flash           Conj/Hex       62%        N/A       8%          3
 Fulminant Prism          Conj/Hex       15%        3d10      24%         4
 Iskenderun's Mystic Bla  Conj/Tloc      31%        2d8       24%         4


Dungeon Overview and Level Annotations

Branches:
Dungeon (2/15) Zot: 9974

Altars:


Message History

Casting: Magic Dart (safe; 1% risk of failure)
Confirm with . or Enter, or press ? or * to list all spells.
Aiming: Magic Dart (safe; 1% risk of failure)
Press: ? - help, Shift-Dir - straight line, f/p - Natasha
Aim: Natasha (severely wounded, 100% to hit)
The magic dart hits Natasha but does no damage.
Natasha is severely wounded.
Natasha stares at you and mumbles some strange words.
You resist with some effort.
You now have 9/13 mp.
Casting: Magic Dart (safe; 1% risk of failure)
Confirm with . or Enter, or press ? or * to list all spells.
Aiming: Magic Dart (safe; 1% risk of failure)
Press: ? - help, Shift-Dir - straight line, f/p - Natasha
Aim: Natasha (severely wounded, 100% to hit)
The magic dart hits Natasha.
You kill Natasha!
You feel Natasha's spirit has finally been put to rest.
You now have 8/13 mp.
Casting: Magic Dart (safe; 1% risk of failure)
Confirm with . or Enter, or press ? or * to list all spells.
You can't see any susceptible monsters within range! (Use Z to cast anyway.) Unknown command.
Key pressed, stopping explore.
Key pressed, stopping explore.
Key pressed, stopping explore.
Key pressed, stopping explore.
Found a stone staircase leading up.
MP restored: 13
There is a stone staircase leading down here.
There is an escape hatch in the floor here.
Done exploring.
Done exploring.
Okay, then.
It was a potion of brilliance.
You feel clever all of a sudden.
It was a potion of ambrosia.
You are confused.
You feel invigorated.
Are you sure you want to abandon this character and quit the game? (Confirm with "yes".)

###.#.##.....#.#
#.#.............
#........##..#.#
#.#####.........
#.#.#.#####..#.#
#............... #...#.#
#..#.###.#####.......รท.
#####.# #..#...###
#......... ......#
#..###.### #.........
####### #........#
#......... #.####.#.#
#......... #.##..@#.#
#......... #.##.....#
#.........
#.#############.#######
#...............#
#################


There were no monsters in sight!

Vanquished Creatures
  Natasha (thrice) (D:2)
  An adder (D:2)
  A gnoll (D:1)
  2 worms (D:2)
  A dart slug (D:1)
  2 endoplasms
  A giant cockroach (D:2)
  4 hobgoblins
  5 jackals
  3 kobolds
  2 quokkas
  4 bats
  A frilled lizard (D:2)
  A rat (D:2)
31 creatures vanquished.

Notes
Turn   | Place    | Note
-------+----------+-------------------------------------------
     0 | D:1      | Psyclone the Deep Elf Conjurer began the quest for the Orb.
     0 | D:1      | Reached XP level 1. HP: 10/10 MP: 6/6
   250 | D:1      | Reached XP level 2. HP: 11/15 MP: 1/8
   313 | D:1      | Learned a level 2 spell: Searing Ray
   882 | D:2      | Reached skill level 5 in Conjurations
   882 | D:2      | Reached XP level 3. HP: 19/19 MP: 8/10
  1097 | D:2      | Noticed Natasha
  1100 | D:2      | Killed Natasha
  1239 | D:2      | Reached XP level 4. HP: 24/24 MP: 7/12
  1633 | D:2      | Noticed Natasha
  1640 | D:2      | Killed Natasha
  1641 | D:2      | Reached skill level 5 in Spellcasting
  1730 | D:2      | Noticed Natasha
  1794 | D:2      | Killed Natasha
  2039 | D:2      | Quit the game

Illustrated notes

Levels and vault maps discovered:
D:1:      sevenhm_arrival_forest_fort_small_4, layout_rooms, fountainhead,
          nicolae_grassy_gnolls
D:2:      layout_basic, st_stairs_5, uniq_natasha

Skill      XL: |  1  2  3  4 |
---------------+-------------+-----
Spellcasting   | 4 5 |  5.3
Conjurations   | 5 |  5.8
Dodging        | |  2.4
Stealth        | |  2.4

Action                     |  1- 3 |  4- 6 || total
---------------------------+-------+-------++-------
  Melee: Unarmed           |     1 |     3 ||     4
   Cast: Magic Dart        |    52 |    26 ||    78
         Searing Ray       |       |     1 ||     1
    Use: Potion            |     4 |     2 ||     6
         Scroll            |     3 |       ||     3
 Armour: Robe              |       |     1 ||     1
  Dodge: Dodged            |     2 |     1 ||     3
